 Dungeon Crawl Stone Soup version 0.32-a0-30-gefbe487952 (webtiles) character file.

Game seed: 1572667714433250553

1824 kae the Changeling (level 8, 0/64 HPs)
             Began as a Demonspawn Shapeshifter on Jan 19, 2024.
             Was an Initiate of Wu Jian.
             Slain by an orc warrior
             ... wielding a +1 flail of holy wrath
              (10 damage)
             ... on level 7 of the Dungeon.
             The game lasted 00:05:28 (6875 turns).

kae the Changeling (Demonspawn Shapeshifter)        Turns: 6875, Time: 00:05:29

Health: 0/64       AC:  4    Str: 20    XL:     8   Next: 86%
Magic:  8/8        EV: 21    Int: 11    God:    Wu Jian [......]
Gold:   427        SH:  0    Dex: 15    Spells: 7/7 levels left

rFire   . .          .
                       - Unarmed
rCold   . . .        (shield currently unavailable)
rNeg    . . .        t - melded +3 plate armour
rPois   .            (no helmet)
rElec   .            (no cloak)
rCorr   .            (no gloves)
SInv    .            i - +0 pair of boots {Fly}
Will    .....        w - amulet of magic regeneration
Stlth   +            E - +5 ring of evasion
HPRegen 0.30/turn    S - +6 ring of strength
MPRegen 0.51/turn

%: no passive effects
@: flux-form, flying, glowing
A: glow, contaminating, icy blue scales 2, weakness stinger 2
a: Begin Untransformation, Renounce Religion


You were on level 7 of the Dungeon.
You worshipped Wu Jian.
Wu Jian was noncommittal.
You were something dangerously unstable.
You visited 2 branches of the dungeon, and saw 8 of its levels.

You collected 427 gold pieces.


Innate Abilities, Weirdness & Mutations

You are something dangerously unstable.
You glow with magical radiation, making you easy to see and hit.
Foes you strike become dangerously contaminated with magical radiation.
You are incapable of wielding weapons or throwing items.
You are mostly covered in icy blue scales. (AC +3)
You have a tail ending in a sharp stinger.


   Skills:
 + Level 5.7 Fighting
 - Level 1.7 Dodging
 + Level 5.8 Unarmed Combat
 * Level 7.3 Shapeshifting


You had 7 spell levels left.
You didn't know any spells.
Your spell library was empty.

Inventory:

Missiles
 g - 89 stones (quivered)
 j - 11 poisoned darts
 v - 2 boomerangs
 y - 2 throwing nets {=f!f}
Armour
 a - a +0 animal skin
 i - a +0 pair of boots of flying (worn)
   (You found it on level 1 of the Dungeon)
 t - a +3 plate armour (melded)
   (You found it on level 3 of the Dungeon)
Magical Staves
 n - a staff of alchemy {!a}
   (You found it on level 2 of the Dungeon)
 u - a staff of earth {!a}
   (You found it on level 4 of the Dungeon)
Jewellery
 w - an amulet of magic regeneration (around neck)
   (You found it on level 4 of the Dungeon)
 E - a +5 ring of evasion (left hand)
   (You found it on level 6 of the Dungeon)
 F - a ring of protection from fire
   (You found it on level 6 of the Dungeon)
 O - a +4 ring of protection
   (You found it on level 7 of the Dungeon)
 S - a +6 ring of strength (right hand)
   (You found it on level 6 of the Dungeon)
Talismans
 c - a beast talisman
 d - a flux talisman (active)
Wands
 x - a wand of light (2)
   (You found it on level 6 of the Dungeon)
Scrolls
 f - a scroll of teleportation {@r4}
 k - 2 scrolls of blinking {!r}
 l - 2 scrolls of enchant weapon
 m - a scroll of fear
 r - a scroll of immolation {!r!r}
 s - a scroll of fog
 z - 3 scrolls of identify {@r1}
Potions
 b - a potion of lignification {!q}
 e - a potion of attraction {!q}
 h - 3 potions of curing {@q1}
 o - a potion of magic
 p - a potion of berserk rage {unknown}
 A - a potion of mutation {unknown}
 B - a potion of heal wounds {@q2}
 C - a potion of invisibility {unknown}

Dungeon Overview and Level Annotations

Branches:
Dungeon (7/15) Zot: 25876  Temple (1/1) D:7 Zot: 5998

Altars:
Ashenzari
Cheibriados
Dithmenos
Fedhas
Gozag
Hepliaklqana
Kikubaaqudgha
Makhleb
Nemelex Xobeh
Okawaru
Qazlal
Ru
Sif Muna
Trog
Uskayaw
Vehumet
Wu Jian
Xom
Yredelemnul

...#.#.#.#.#.#####........#+#....
....#.#.#..#.# #...............
##...#.#...#.#####...............
.....[...........#...#..........#
.....)##...#......#..#.........##
##....##...........#.##.#....#.#.
.#....#......#......###.#........
.+....#....#.....######.#..###.#.
.#....#....##...p...##..#......#.
....#.#....#.#..o..#.#....##...#.
....#......#..#...#..####........
...........#...#.#...#..#......#.
.....<)..#.#####.....#..#....###.
.........#.#...#.#...#.........#.
...........#..#...#..#...).....#.
###.....<..#.#.....#.#.........#.
...........##.......##...........


You could see an orc warrior (contam, misshapen).


Message History

The orc warrior seems to regain its courage. 😨 HP[+1] 😨 HP[+1]
The steam dragon hisses angrily. 😨 HP[+1] 😨 HP[+1] 😨 HP[+1] 😨 HP[+1]
There is an escape hatch in the ceiling here. 😨 HP[+1]
You start resting.
An orc warrior is nearby! 😨 HP[+2]
You regained 2 hp, and now have 29/64 hp.
A mysterious force pulls you upwards. The hatch slams shut behind you.
You start resting. 😕 HP[+25]
You regained 25 hp, and now have 54/64 hp.
Done exploring.
You start resting. 😎 HP[+10]
Your hp is fully restored (64).
There is an escape hatch in the ceiling here.
There is a stone staircase leading down here.
You climb downwards.
There is a stone staircase leading up here.
You begin transforming.
You continue transforming. x3
You turn into something dangerously unstable.
Your +3 plate armour melds into your body.
An iguana comes into view.
Found a stone staircase leading down.
The iguana hisses angrily.
An iguana is nearby!
An iguana is nearby!
An iguana is nearby!
You closely miss the iguana. The iguana misses you.
You hit the iguana.
The iguana begins to glow.
You tail-slap the iguana. The iguana bites you! 😕 HP[-10]
You take 10 damage, and now have 54/64 hp.
You hit the iguana.
The iguana glows dangerously bright.
You tail-slap the iguana, but do no damage.
The iguana barely misses you.
You hit the iguana but do no damage.
The iguana shudders as magic cascades through it!
The iguana twists and deforms.
The iguana bites you. 😕 HP[-4]
You take 4 damage, and now have 50/64 hp.
Unknown command.
You hit the iguana.
You kill the iguana!
The Council accepts your kill. 😕 HP[+1]
You start resting. 😕 HP[+3]
You regained 3 hp, and now have 54/64 hp.
Key pressed, stopping explore.
Unknown command. 😎 HP[+10]
Your hp is fully restored (64).
Unknown command.
You see here a +0 glaive.
Key pressed, stopping explore.
An orc warrior is nearby!
Okay, then.
Okay, then.
You start putting on your armour.
You continue putting on your +0 pair of boots of flying. x4
You finish putting on your +0 pair of boots of flying.
You fly up into the air.
You hit the orc warrior but do no damage.
The orc warrior begins to glow.
You hit the orc warrior.
The orc warrior glows dangerously bright.
You tail-slap the orc warrior, but do no damage.
The orc warrior hits you with a +1 flail of holy wrath!!
You convulse! 😮 HP[-31]
You take 31 damage, and now have 33/64 hp.
MASSIVE DAMAGE!! (PAUSE)
You hit the orc warrior but do no damage.
The orc warrior shudders as magic cascades through it.
The orc warrior twists and deforms.
The orc warrior hits you with a +1 flail of holy wrath!
* * * LOW HITPOINT WARNING * * *
You convulse!
* * * LOW HITPOINT WARNING * * *
😱 HP[-18]
You take 18 damage, and now have 15/64 hp.
MASSIVE DAMAGE!! (PAUSE)
You completely miss the orc warrior. The orc warrior completely misses you.
Unknown command.
You hit the orc warrior.
The orc warrior begins to glow.
The orc warrior hits you with a +1 flail of holy wrath.
* * * LOW HITPOINT WARNING * * *
You convulse.
* * * LOW HITPOINT WARNING * * *
You completely miss the orc warrior.
The orc warrior hits you with a +1 flail of holy wrath!
You die...

Skill      XL: |  1  2  3  4  5  6  7  8 |
---------------+-------------------------+-----
Shapeshifting  | 3 4 5 6 7 |  7.3
Unarmed Combat | 3 4 5 |  5.8
Fighting       | 2 3 4 5 |  5.7
Dodging        | |  1.7

Action                     |  1- 3 |  4- 6 |  7- 9 || total
---------------------------+-------+-------+-------++-------
  Melee: Unarmed           |   115 |   199 |   249 ||   563
         Punch             |     2 |    11 |    14 ||    27
         Tailslap          |       |    32 |    40 ||    72
Ability: Begin Untransform |       |     1 |       ||     1
         Lunge             |       |       |     1 ||     1
    Use: Scroll            |       |    11 |     5 ||    16
         Potion            |       |     1 |     4 ||     5
   Stab: Sleeping          |     1 |     1 |       ||     2
         Confused          |       |     1 |       ||     1
 Armour: Animal skin       |    56 |    38 |       ||    94
         Plate armour      |       |   133 |   181 ||   314
         Skin              |       |       |     6 ||     6
  Dodge: Dodged            |    52 |    72 |    94 ||   218
   Form: Flux              |       |       |     1 ||     1

Levels and vault maps discovered:
D:1:      amcnicky_arrival_gap_in_the_tavern_cellar, layout_loops_ring,
          dreamdust_ecumenical_altar_angels_and_demons
D:2:      layout_basic, uniq_terence
D:3:      layout_loops_ring, nicolae_overflow_hidden_temple,
          minmay_fractal_squares_5, uniq_sigmund
D:4:      layout_basic, serial_rivers, chequers_serial_rivers_large_b,
          chequers_serial_rivers_marsh, chequers_serial_rivers_marsh,
          chequers_serial_rivers_micro_c, dilly_guarded_unrand_devastator
D:5:      layout_cave_pods, nicolae_overflow_crystal_walls
D:6:      layout_loops_corners, mainiacjoe_overflow_alcove_1
D:7:      kennysheep_windowed_halls, layout_basic,
          nicolae_overflow_hallway_of_the_gods, minmay_temple_entry_grid,
          hangedman_decor_diamond_cutter, nicolae_zig_zag_zippers
Temple:   hellmonk_temple_forest_ring

Notes
Turn   | Place    | Note
-------+----------+-------------------------------------------
     0 | D:1      | kae the Demonspawn Shapeshifter began the quest for the
                  | Orb.
     0 | D:1      | Reached XP level 1. HP: 15/15 MP: 1/1
     0 | D:1      | magus.rc [v1.11.3]
    99 | D:1      | Gained mutation: You are partially covered in icy blue
                  | scales. (AC +2) [demonic ancestry]
    99 | D:1      | Reached XP level 2. HP: 20/21 MP: 2/2
   106 | D:1      | Reached skill level 3 in Shapeshifting
   399 | D:1      | Found a faded altar of an unknown god.
   440 | D:1      | Reached skill level 3 in Unarmed Combat
   538 | D:1      | Reached XP level 3. HP: 25/26 MP: 3/3
   944 | D:2      | Reached skill level 2 in Fighting
   997 | D:2      | Gained mutation: You have a small tail. [demonic ancestry]
   997 | D:2      | Reached XP level 4. HP: 25/33 MP: 4/4
  1275 | D:2      | Noticed Terence
  1288 | D:2      | Killed Terence
  1503 | D:3      | Noticed Sigmund
  1508 | D:3      | HP: 8/33 [Sigmund/+0 scythe (11)]
  1512 | D:3      | HP: 1/33 [Sigmund/+0 scythe (8)]
  1522 | D:3      | Killed Sigmund
  1523 | D:3      | Reached skill level 3 in Fighting
  1523 | D:3      | Reached skill level 4 in Shapeshifting
  1523 | D:3      | Reached XP level 5. HP: 31/41 MP: 5/5
  1667 | D:3      | Reached XP level 6. HP: 39/47 MP: 6/6
  2196 | D:3      | Found a snail-covered altar of Cheibriados.
  2198 | D:3      | Found a broken altar of Ashenzari.
  2200 | D:3      | Found a stormy altar of Qazlal.
  2803 | D:4      | Found the +6 shillelagh "Devastator" {shatter}
  3292 | D:5      | Entered Level 5 of the Dungeon
  3299 | D:5      | Reached skill level 4 in Unarmed Combat
  3457 | D:5      | Reached skill level 5 in Shapeshifting
  3620 | D:5      | Gained mutation: You are mostly covered in icy blue scales.
                  | (AC +3) [demonic ancestry]
  3620 | D:5      | Reached XP level 7. HP: 47/53 MP: 7/7
  3668 | D:5      | Found a sparkling altar of Nemelex Xobeh.
  3772 | D:5      | HP: 10/53 [poisoned by an orc]
  3774 | D:5      | HP: 3/53 [poisoned by an orc]
  3779 | D:5      | HP: 11/53 [poisoned by an orc]
  4048 | D:5      | HP: 9/53 [ogre/+0 giant club (7)]
  4054 | D:5      | Reached skill level 4 in Fighting
  5134 | D:6      | Identified the +4 dagger "Zimegru" {pain, rC+}
  5193 | D:6      | Found an ornate altar of the Wu Jian Council.
  5308 | D:6      | Reached skill level 6 in Shapeshifting
  5485 | D:6      | Reached skill level 5 in Unarmed Combat
  5485 | D:6      | Gained mutation: You have a tail ending in a sharp stinger.
                  | [demonic ancestry]
  5485 | D:6      | Reached XP level 8. HP: 42/61 MP: 8/8
  5756 | D:7      | Found a staircase to the Ecumenical Temple.
  5859 | Temple   | Entered the Ecumenical Temple
  5919 | D:6      | Became a worshipper of the Wu Jian Council
  5968 | D:7      | Found a basalt altar of Yredelemnul.
  5972 | D:7      | Found a radiant altar of Vehumet.
  5975 | D:7      | Found a shimmering altar of Xom.
  5975 | D:7      | Found an ancient bone altar of Kikubaaqudgha.
  5984 | D:7      | Found an opulent altar of Gozag.
  6241 | D:7      | Reached skill level 5 in Fighting
  6260 | D:7      | Reached skill level 7 in Shapeshifting
  6275 | D:7      | HP: 15/62 [burnt (1)]
  6489 | D:7      | HP: 16/64 [orc warrior/+1 flail of holy wrath (1)]
  6872 | D:7      | HP: 15/64 [orc warrior/+1 flail of holy wrath (8)]
  6875 | D:7      | Slain by an orc warrior

Vanquished Creatures
  Sigmund (D:3)
  A steam dragon (D:7)
  A water moccasin (D:7)
  2 sky beasts
  An orc warrior (D:7)
  2 ogres (D:5)
  2 centaurs
  2 phantoms
  2 scorpions
  A wight (D:7)
  2 jellies (D:6)
  3 hounds
  A bombardier beetle (D:7)
  A gnoll bouda (D:7)
  An iguana (D:7)
  A sleepcap (D:6)
  Terence (D:2)
  12 adders
  A white imp (D:5)
  A ribbon worm (D:4)
  3 dart slugs
  20 orcs
  4 ball pythons
  11 endoplasms
  4 giant cockroaches
  4 goblins
  6 hobgoblins
  10 jackals
  3 kobolds
  4 quokkas
  7 bats
  3 frilled lizards
  5 rats
123 creatures vanquished.

Table legend:
 A = Non-vault XP
 B = Vault XP
 C = Vault XP percentage of total XP
 D = Non-vault monster count
 E = Vault monster count
 F = Vault count percentage of total count
                 A         B        C        D         E       F
            +---------+---------+-------+---------+---------+-------
      Total |    1605 |    1002 |  38.4 |     106 |      17 |  13.8
            +---------+---------+-------+---------+---------+-------
        D:1 |      46 |       0 |   0.0 |      25 |       0 |   0.0
        D:2 |      64 |      36 |  36.0 |      22 |       1 |   4.3
        D:3 |      16 |     248 |  93.9 |       7 |       7 |  50.0
        D:4 |      82 |       0 |   0.0 |      15 |       0 |   0.0
        D:5 |     657 |       0 |   0.0 |      17 |       0 |   0.0
        D:6 |     351 |       0 |   0.0 |      12 |       0 |   0.0
        D:7 |     389 |     718 |  64.9 |       8 |       9 |  52.9
            +---------+---------+-------+---------+---------+-------

Skill      XL: |  1  2  3  4  5  6  7  8 |
---------------+-------------------------+-----
Shapeshifting  | 3 4 5 6 7 |  7.3
Unarmed Combat | 3 4 5 |  5.8
Fighting       | 2 3 4 5 |  5.7
Dodging        | |  1.7

Action                     |  1- 3 |  4- 6 |  7- 9 || total
---------------------------+-------+-------+-------++-------
  Melee: Unarmed           |   115 |   199 |   249 ||   563
         Punch             |     2 |    11 |    14 ||    27
         Tailslap          |       |    32 |    40 ||    72
Ability: Begin Untransform |       |     1 |       ||     1
         Lunge             |       |       |     1 ||     1
    Use: Scroll            |       |    11 |     5 ||    16
         Potion            |       |     1 |     4 ||     5
   Stab: Sleeping          |     1 |     1 |       ||     2
         Confused          |       |     1 |       ||     1
 Armour: Animal skin       |    56 |    38 |       ||    94
         Plate armour      |       |   133 |   181 ||   314
         Skin              |       |       |     6 ||     6
  Dodge: Dodged            |    52 |    72 |    94 ||   218
   Form: Flux              |       |       |     1 ||     1

Illustrated notes

Table legend:
 A = Kills in this place as a percentage of kills in the entire game.
 B = Kills by you in this place as a percentage of kills by you in the entire game.
 C = Kills by friends in this place as a percentage of kills by friends in the entire game.
 D = Other kills in this place as a percentage of other kills in the entire game.
 E = Experience gained in this place as a percentage of experience gained in the entire game.
 F = Experience gained in this place divided by the number of levels of this place that you have seen.
                   A       B       C       D       E      F
               +-------+-------+-------+-------+-------+----------------------
         Total | 100.0 | 100.0 |   N/A |   N/A | 100.0 | 325.9
       Dungeon | 100.0 | 100.0 |   N/A |   N/A | 100.0 | 372.4
               +-------+-------+-------+-------+-------+----------------------

Table legend: (Time is in decaauts)
 A = Elapsed time spent in this place.
 B = Non-inter-level travel time spent in this place.
 C = Inter-level travel time spent in this place.
 D = Time resting spent in this place.
 E = Time spent auto-exploring this place.
 F = Levels seen in this place.
 G = Mean time per level.
                   A        B        C        D        E       F      G
               +--------+--------+--------+--------+--------+-----+--------+
         Total |   6870 |   6526 |    344 |    432 |   4992 |   8 |  858.8 |
       Dungeon |   6869 |   6526 |    343 |    432 |   4992 |   7 |  981.3 |
        Temple |      1 |      0 |      1 |      0 |      0 |   1 |    1.0 |
               +--------+--------+--------+--------+--------+-----+--------+

Top non-repeatable levels by time:
     D:5: 1369 daAuts
     D:6: 1288 daAuts
     D:4: 965 daAuts
     D:7: 896 daAuts
     D:3: 857 daAuts
     D:2: 756 daAuts
     D:1: 734 daAuts
  Temple: 1 daAuts
